 Dungeon Crawl Stone Soup version 0.25-a0-731-g0472a16d6a (webtiles) character file.

Game seed: 11753382492140241756, levelgen mode: deterministic

642 Anathary the Cleaver (level 7, 0/63 HPs)
             Began as a Hill Orc Fighter on Apr 9, 2020.
             Slain by a killer bee (1 damage)
             ... on level 8 of the Dungeon.
             The game lasted 00:12:39 (4301 turns).

Anathary the Cleaver (Hill Orc Fighter)             Turns: 4301, Time: 00:12:40

Health: 0/63       AC:  6    Str: 21    XL:     7   Next: 51%
Magic:  7/7        EV:  7    Int:  8    God:
Gold:   293        SH:  9    Dex: 10    Spells: 6/6 levels left

rFire    . . .     SeeInvis .   a - +0 war axe
rCold    . . .     Gourm    .   c - +0 kite shield
rNeg     . . .     Faith    .   b - +0 scale mail
rPois    .         Spirit   .   (no helmet)
rElec    .         Reflect  .   (no cloak)
rCorr    .         Harm     .   (no gloves)
MR       .....                  (no boots)
Stlth    ..........             (no amulet)
HPRegen  0.20/turn              (no ring)
MPRegen  0.10/turn              (no ring)

@: lethally poisoned (0 -> -2)
A: no striking features
a: no special abilities


You were on level 8 of the Dungeon.
You were hungry.

You visited 1 branch of the dungeon, and saw 6 of its levels.

You collected 293 gold pieces.

Inventory:

Hand Weapons
 a - a +0 war axe (weapon)
Armour
 b - a +0 scale mail (worn)
 c - a +0 kite shield (worn)
Jewellery
 s - an uncursed ring of flight
 v - an uncursed ring of protection from cold {unknown}
Scrolls
 e - a scroll of teleportation {unknown}
 i - a scroll of enchant armour {unknown}
 j - 3 scrolls of random uselessness {unknown}
 k - 4 scrolls of identify {unknown}
 l - 3 scrolls of remove curse {unknown}
 n - 2 scrolls of magic mapping {unknown}
 o - a scroll of amnesia {unknown}
 r - a scroll of enchant weapon {unknown}
 u - a scroll of blinking {unknown}
Potions
 d - a potion of might
 g - a potion of haste {unknown}
 h - a potion of stabbing {unknown}
 m - a potion of resistance {unknown}
 p - a potion of berserk rage {unknown}
 q - 2 potions of curing {unknown}
 t - a potion of degeneration {unknown}
Comestibles
 f - 8 rations


   Skills:
 + Level 6.0 Fighting
 + Level 9.2 Axes
 - Level 3.2 Armour
 - Level 0.3 Dodging
 - Level 3.2 Shields


You had 6 spell levels left.
You didn't know any spells.
Your spell library contained the following spells:

 Spells                   Type           Power        Failure   Level  Hunger
 Animate Skeleton         Necr           N/A          99%         1    ##.....
 Apportation              Tloc           #.....       99%         1    ##.....
 Corona                   Hex            #......      99%         1    ##.....
 Summon Small Mammal      Summ           #...         99%         1    ##.....


Dungeon Overview and Level Annotations

Branches:
Dungeon (5/15)
 Temple: D:4-7

Altars:
Fedhas
The Shining One


Message History

A gnoll comes into view. It is wielding a +0 spear.
A kobold comes into view.
It is wielding a +0 whip and quivering 5 poisoned darts.
Found a scroll labeled JEOGUTZ QIPISS.
You block the killer bee's attack. The killer bee stings you.
* * * LOW HITPOINT WARNING * * *
Unknown command.
You feel sick. The killer bee barely misses you.
The gnoll hits you but does no damage.
A gnoll comes into view. It is wielding a +0 halberd.
A kobold comes into view.
The centaur shoots an arrow.
The arrow hits you.
* * * LOW HITPOINT WARNING * * *
You see here 2 arrows.
You closely miss the killer bee.
The gnoll shouts!
You slash the gnoll! You hit the hound.
You feel sick. The killer bee barely misses you. The hound bites you.
* * * LOW HITPOINT WARNING * * *
The gnoll barely misses you. The killer bee stings you.
You die...

.....). ..##...
#...##....##.... ...##..
##g##....##.....
##..#.##..#.#..##.#..##..
.##....##.....##....##...
..#.##..#...$g#..##.#?..#
.$...##........y##......#
..##..#.##...##h#..##....
?..##....##.##.g@y##...#
.#..#.##.$#^#..##y#......
.##....##.(.OO##yc..##...
.# #....#.....#.c..## #
.# ##..ยงยง.......K.## .#
###(####.##.#.# O## #..#
#....#.# ..####.##
####.#K# #...#..# #


You could see 2 two-headed ogres, 2 centaurs, a hound, 4 killer bees, 3 gnolls
and 2 kobolds.

Vanquished Creatures
  A centaur (D:8)
  A scorpion (D:4)
  A killer bee (D:8)
  A howler monkey (D:5)
  A crimson imp (D:8)
  2 hounds (D:4)
  A bullfrog skeleton (D:4)
  An iguana (D:5)
  Terence (D:3)
  2 worker ants
  8 gnolls
  6 adders
  A shadow imp (D:5)
  An ooze (D:2)
  2 worms (D:2)
  A leopard gecko (D:2)
  6 orcs (D:3)
  2 giant cockroaches
  9 goblins
  7 hobgoblins
  7 jackals
  A quokka (D:4)
  3 bats
  2 frilled lizards
  4 kobolds
  A leopard gecko skeleton (D:5)
  6 rats
79 creatures vanquished.

Notes
Turn   | Place    | Note
-------+----------+-------------------------------------------
     0 | D:1      | Anathary the Hill Orc Fighter began the quest for the Orb.
     0 | D:1      | Reached XP level 1. HP: 19/19 MP: 1/1
   235 | D:1      | Reached XP level 2. HP: 19/27 MP: 2/2
   393 | D:1      | Reached skill level 3 in Axes
   738 | D:2      | Reached XP level 3. HP: 34/34 MP: 3/3
   763 | D:2      | Reached skill level 4 in Axes
   765 | D:2      | Reached XP level 4. HP: 24/41 MP: 4/4
  1188 | D:2      | Reached skill level 5 in Axes
  1416 | D:3      | Reached XP level 5. HP: 40/47 MP: 5/5
  1697 | D:3      | Noticed Terence
  1708 | D:3      | Killed Terence
  1708 | D:3      | Reached skill level 5 in Fighting
  1708 | D:3      | Reached skill level 6 in Axes
  2800 | D:4      | Found a blossoming altar of Fedhas.
  2824 | D:4      | Reached XP level 6. HP: 48/56 MP: 6/6
  2879 | D:4      | Reached skill level 7 in Axes
  3494 | D:5      | Entered Level 5 of the Dungeon
  3501 | D:5      | Reached skill level 8 in Axes
  3847 | D:5      | Reached XP level 7. HP: 47/61 MP: 7/7
  4205 | D:5      | You fall into a shaft and drop 3 floors!
  4214 | D:8      | Noticed a two-headed ogre
  4221 | D:8      | Reached skill level 9 in Axes
  4276 | D:8      | Found a glowing golden altar of the Shining One.
  4287 | D:8      | Noticed a hippogriff
  4288 | D:8      | Noticed a two-headed ogre
  4301 | D:8      | HP: 3/63 [poisoned by a killer bee]
  4301 | D:8      | HP: 1/63 [hound (2)]
  4301 | D:8      | Slain by a killer bee

Levels and vault maps discovered:
D:1:      enne_arrival_octagon_isle, layout_basic, kennysheep_nondescript
D:2:      layout_rooms
D:3:      layout_basic, first_ration, kennysheep_generic_room_16, uniq_terence
D:4:      layout_gridville, lemuel_statue_altar
D:5:      layout_basic, serial_shops, nicolae_shop_crystal
D:8:      layout_loops_ring, tso_metal_star, lair_entry_dummy, serial_shops,
          shop, nicolae_wwwww

Skill      XL: |  1  2  3  4  5  6  7 |
---------------+----------------------+-----
Fighting       | 4 5 6 |  6.0
Axes           | 3 4 5 6 8 9 |  9.2
Armour         | |  3.2
Dodging        | |  0.3
Shields        | |  3.2

Action                   |  1- 3 |  4- 6 |  7- 9 || total
-------------------------+-------+-------+-------++-------
Melee: War axe           |    58 |   164 |    22 ||   244
  Eat: Ration            |       |     3 |       ||     3
Armor: Scale mail        |    31 |    65 |     7 ||   103
Dodge: Dodged            |    19 |    61 |    18 ||    98
Block: Kite shield       |    36 |    84 |    18 ||   138

Table legend:
 A = Non-vault XP
 B = Vault XP
 C = Vault XP percentage of total XP
 D = Non-vault monster count
 E = Vault monster count
 F = Vault count percentage of total count
                 A         B        C        D         E       F
            +---------+---------+-------+---------+---------+-------
      Total |     884 |      34 |   3.7 |      77 |       2 |   2.5
            +---------+---------+-------+---------+---------+-------
        D:1 |      16 |       0 |   0.0 |      11 |       0 |   0.0
        D:2 |     140 |       0 |   0.0 |      23 |       0 |   0.0
        D:3 |      61 |      34 |  35.8 |      19 |       2 |   9.5
        D:4 |     254 |       0 |   0.0 |      12 |       0 |   0.0
        D:5 |     178 |       0 |   0.0 |       8 |       0 |   0.0
        D:8 |     235 |       0 |   0.0 |       4 |       0 |   0.0
            +---------+---------+-------+---------+---------+-------
